 Dungeon Crawl Stone Soup version 0.30-a0-881-g1ff12e1e11 (webtiles) character file.

Game seed: 636294415067740842

6906 Parcival the Cleaver (level 10, -4/89 (90) HPs)
             Began as a Minotaur Gladiator on Mar 14, 2023.
             Slain by a death yak (20 damage)
             ... on level 9 of the Dungeon.
             The game lasted 00:20:37 (8635 turns).

Parcival the Cleaver (Minotaur Gladiator)           Turns: 8635, Time: 00:20:38

HP:   -4/89 (90)    AC: 20    Str: 26    XL:     10   Next: 79%
MP:   0/9           EV:  9    Int:  5    God:
Gold: 439           SH:  0    Dex: 12    Spells: 9/9 levels left

rFire   + . .      SeeInvis .    h - +2 battleaxe (elec)
rCold   + . .      Faith    .    (shield currently unavailable)
rNeg    + . .      Spirit   +    m - +0 plate armour
rPois   +          Reflect  .    c - +0 hat
rElec   +          Rampage  .    (no cloak)
rCorr   +                        o - +2 pair of gloves {Str+3}
Will    .....                    (no boots) Stlth
                                 z - amulet of guardian spirit
HPRegen 0.34/turn                j - +4 ring of protection
MPRegen 0.11/turn                H - ring of positive energy

@: about to teleport, resistant, lightly drained
A: horns 2, retaliatory headbutt
a: no special abilities


You were on level 9 of the Dungeon.
You visited 2 branches of the dungeon, and saw 10 of its levels.

You collected 439 gold pieces.

Inventory:

Hand Weapons
 h - a +2 battleaxe of electrocution (weapon)
 q - a +0 scythe
 D - a +5 halberd
Missiles
 d - 3 throwing nets (quivered)
 e - a javelin
Armour
 c - a +0 hat (worn)
 m - a +0 plate armour (worn)
 o - a +2 pair of gloves of strength (worn)
Magical Staves
 x - a staff of air
Jewellery
 a - an amulet of faith
 j - a +4 ring of protection (left hand)
 z - an amulet of guardian spirit (around neck)
 H - a ring of positive energy (right hand)
Wands
 u - a wand of paralysis (7)
 y - a wand of iceblast (8)
Scrolls
 v - 4 scrolls of teleportation
 B - a scroll of amnesia
 C - a scroll of magic mapping
 E - a scroll of fear
Potions
 b - a potion of mutation
 f - a potion of ambrosia
 g - 3 potions of degeneration
 i - a potion of cancellation
 k - 2 potions of attraction
 l - a potion of curing
 n - 4 potions of heal wounds {unknown}
 p - 2 potions of brilliance {unknown}
 r - 2 potions of magic {unknown}
 s - 2 potions of flight {unknown}
 t - a potion of invisibility {unknown}
 w - a potion of haste {unknown}
 A - a potion of resistance
 F - a potion of lignification {unknown}
 G - a potion of berserk rage {unknown}


   Skills:
 + Level 8.5 Fighting
 + Level 14.8 Axes
 + Level 2.0 Throwing
 + Level 7.9 Armour
 + Level 6.7 Dodging
 + Level 1.8 Stealth


You had 9 spell levels left.
You didn't know any spells.
Your spell library contained the following spells:

 Spells                   Type           Power      Damage    Failure   Level
 Cigotuvi's Dreadful Rot  Necr/Pois/Air  0%         N/A       100%        2
 Static Discharge         Conj/Air       0%         2-2/arc   100%        2
 Vhi's Electric Charge    Tloc/Air       0%         N/A       100%        3
 Dispel Undead            Necr           0%         3d6       100%        4
 Arcjolt                  Conj/Air       0%         1d10      100%        5
 Lightning Bolt           Conj/Air       0%         1d11      100%        5
 Death Channel            Necr           0%         N/A       100%        6


Dungeon Overview and Level Annotations

Branches:
Dungeon (9/15)             Temple (1/1) D:4
   Lair: D:8-11         Orc: D:9-12

Altars:
Ashenzari
Cheibriados
Dithmenos
Elyvilon
Fedhas
Gozag
Kikubaaqudgha
Makhleb
Nemelex Xobeh
Okawaru
Ru
Sif Muna
Trog
Uskayaw
Vehumet
Wu Jian
Xom
Yredelemnul
Zin
The Shining One

Shops:
D:2 (

Annotations:
D:9 exclusion: ice statue, tarna41's ghost, novice MiBe


Innate Abilities, Weirdness & Mutations

You have a pair of horns on your head.
You reflexively headbutt those who attack you in melee.


Message History

You slash the death yak!
Lightning courses through the death yak!
A death yak comes into view.
The death yak closely misses you. The death yak gores you!
The death yak bellows!
You hit the death yak but do no damage.
The death yak is moderately wounded.
You hit the orc wizard. You hit the death yak but do no damage.
You slash the death yak!
The orc wizard hits you but does no damage.
The death yak gores you!! The death yak gores you!
The death yak barely misses you.
You feel better.
A death yak comes into view.
An orc comes into view. It is wielding a +0 dagger.
The orc wizard hits you but does no damage.
The death yak gores you.
The death yak gores you but does no damage.
The death yak barely misses you. You furiously retaliate!
You headbutt the death yak!
The death yak bellows!
The orc shouts!
You slice the death yak!!
You headbutt the death yak, but do no damage.
The death yak is heavily wounded.
You slice the death yak!! You barely miss the death yak.
You miss the orc wizard.
You hear a shout!
An orc warrior comes into view. It is wielding a +0 scimitar.
The orc wizard closely misses you. The death yak gores you!
The death yak gores you but does no damage.
The death yak gores you!
* * * LOW HITPOINT WARNING * * *
As you read the scroll of teleportation, it crumbles to dust.
You feel strangely unstable.
The orc warrior shouts!
You hear a roar!
An orc comes into view.
It is wielding a +0 short sword and wearing a +0 ring mail of fire resistance.
The orc wizard hits you but does no damage.
The death yak gores you but does no damage.
The death yak gores you!!
You die...

...o.......##~.#
..o.......##....
....Yo....#$#..##.
#........©#.#..#K
.......Y..#K#..#....
.......Y..##..~.#.(##.~.
......YYo..## ~#.###.#~~
......Y@....##8......~8#
.............##oW...$~##
..............##o###.##.
........>......##Y..##..
................#####...
....!..........)......#.
.....................##.
.................######.
.[...........######.


You could see 6 death yaks, a kobold demonologist, an orc warrior, an orc wizard
and 2 orcs.

Vanquished Creatures
  A two-headed ogre (D:7)
  The ghost of cforsyth the Cleaver, a novice BaFi (D:7)
  Maggie (D:7)
  Sigmund (D:3)
  9 yaks (D:8)
  4 steam dragons
  2 orc warriors
  3 sky beasts
  2 ice beasts
  3 black bears
  2 ogres
  3 centaurs
  A phantom (D:7)
  A bullfrog (D:8)
  A kobold brigand (D:8)
  4 scorpions
  16 wights
  4 howler monkeys
  A crimson imp (D:6)
  A jelly (D:6)
  4 hounds (D:5)
  5 orc priests
  A sleepcap (D:6)
  4 iguanas (D:5)
  Natasha (thrice) (D:2)
  5 orc wizards
  3 gnolls (D:5)
  6 adders
  3 shadow imps
  2 ufetubi
  3 worms (D:4)
  2 dart slugs
  15 orcs
  10 ball pythons
  3 bats
  12 endoplasms
  A giant cockroach (D:4)
  7 goblins
  5 hobgoblins
  4 jackals (D:4)
  4 kobolds
  6 quokkas
  A frilled lizard (D:3)
  3 rats
173 creatures vanquished.

Vanquished Creatures (others)
  An orc (D:8)
1 creature vanquished.

Grand Total: 174 creatures vanquished

Notes
Turn   | Place    | Note
-------+----------+-------------------------------------------
     0 | D:1      | Parcival the Minotaur Gladiator began the quest for the
                  | Orb.
     0 | D:1      | Reached XP level 1. HP: 18/18 MP: 0/0
   137 | D:1      | Reached XP level 2. HP: 25/25 MP: 1/1
   441 | D:1      | Reached skill level 4 in Axes
   453 | D:1      | Found a faded altar of an unknown god.
  1130 | D:2      | Reached XP level 3. HP: 30/30 MP: 2/2
  1404 | D:2      | Noticed Natasha
  1417 | D:2      | Killed Natasha
  1418 | D:2      | Reached skill level 1 in Armour
  1543 | D:2      | Found Zoughumu's Weapon Emporium.
  1648 | D:2      | Noticed Natasha
  1655 | D:2      | Killed Natasha
  1656 | D:2      | Reached XP level 4. HP: 35/37 MP: 3/3
  2207 | D:2      | Noticed Natasha
  2211 | D:2      | Killed Natasha
  2406 | D:2      | Identified a scroll of acquirement
  2406 | D:2      | Acquired a +2 battleaxe of electrocution
  2797 | D:3      | Noticed Sigmund
  2821 | D:3      | Killed Sigmund
  2822 | D:3      | Reached skill level 5 in Axes
  2822 | D:3      | Reached XP level 5. HP: 27/45 MP: 4/4
  2822 | D:3      | Reached XP level 6. HP: 31/51 MP: 5/5
  3220 | D:3      | Reached skill level 6 in Axes
  3479 | D:3      | Found a white marble altar of Elyvilon.
  4038 | D:4      | Reached skill level 7 in Axes
  4038 | D:4      | Reached XP level 7. HP: 59/59 MP: 6/6
  4204 | D:4      | Found a staircase to the Ecumenical Temple.
  4230 | Temple   | Entered the Ecumenical Temple
  4592 | D:5      | Entered Level 5 of the Dungeon
  4608 | D:5      | Found a blossoming altar of Fedhas.
  4699 | D:5      | Reached skill level 1 in Stealth
  4834 | D:5      | Reached skill level 5 in Dodging
  4839 | D:5      | Reached skill level 8 in Axes
  5167 | D:5      | Reached XP level 8. HP: 67/67 MP: 7/7
  5441 | D:6      | Reached skill level 9 in Axes
  5455 | D:6      | Reached skill level 5 in Armour
  5612 | D:6      | You fall into a shaft and drop 2 floors!
  5682 | D:8      | Found an iron altar of Okawaru.
  5692 | D:8      | Reached skill level 5 in Fighting
  5700 | D:8      | Reached skill level 10 in Axes
  5705 | D:8      | Reached XP level 9. HP: 27/75 MP: 8/8
  6007 | D:7      | Reached skill level 11 in Axes
  6293 | D:6      | Reached skill level 12 in Axes
  6318 | D:6      | Found a shimmering altar of Xom.
  6318 | D:6      | Found a burning altar of Makhleb.
  6853 | D:7      | Noticed a two-headed ogre
  6862 | D:7      | Killed a two-headed ogre
  6863 | D:7      | Reached skill level 13 in Axes
  6863 | D:7      | Reached XP level 10. HP: 44/86 MP: 9/9
  7014 | D:7      | Noticed Maggie
  7025 | D:7      | Killed Maggie
  7185 | D:7      | Found a runed translucent door.
  7256 | D:7      | Found a sparkling altar of Nemelex Xobeh.
  7277 | D:7      | Noticed cforsyth's ghost (novice BaFi)
  7285 | D:7      | Killed cforsyth's ghost
  7577 | D:8      | Found an ornate altar of the Wu Jian Council.
  7623 | D:8      | Reached skill level 14 in Axes
  8434 | D:9      | Found a snail-covered altar of Cheibriados.
  8614 | D:9      | Noticed tarna41's ghost (novice MiBe)
  8616 | D:9      | Noticed a manticore
  8618 | D:9      | Noticed an ice statue
  8622 | D:9      | Noticed a death yak
  8624 | D:9      | Noticed a death yak
  8625 | D:9      | Noticed a death yak
  8628 | D:9      | Noticed a death yak
  8631 | D:9      | Noticed a death yak
  8633 | D:9      | Noticed a death yak
  8635 | D:9      | Slain by a death yak

Illustrated notes

Levels and vault maps discovered:
D:1:      lightli_arrival_boilingwater, layout_loops_ring, serial_forest,
          infiniplex_forest_clump_curved, infiniplex_forest_clump_long,
          infiniplex_forest_lined_room_2, infiniplex_forest_lined_2,
          infiniplex_forest_straight_4, infiniplex_forest_corner_1,
          infiniplex_forest_lined_room_3, infiniplex_forest_straight_3,
          ebering_ecumenical_altar_abandoned
D:2:      kennysheep_big_flooded_room, layout_loops_corners, serial_shops,
          nicolae_shop_bloodbath_and_beyond, uniq_natasha
D:3:      layout_basic, lemuel_coloured_pillars_altar, uniq_sigmund
D:4:      layout_basic, minmay_temple_entry_glassed_door
D:5:      layout_basic, overflow_temple_1_default, grunt_tough_drop
D:6:      layout_basic, grunt_temple_overflow_champion_of_chaos
D:7:      layout_cave_pools, nemelex_dance_club_becter,
          ebering_ghost_reflecting_pool, uniq_maggie
D:8:      layout_cave_pods, okawaru_ov_weapons_minmay,
          pdpol_wu_jian_five_deadly_venoms, st_stairs_7,
          amcnicky_mini_rare_corridor_liquid, kennysheep_generic_room_9
D:9:      layout_small_grid, lemuel_tele_altar, dpeg_lair_monsters, special_room
          [special_room_kobold], nzn_ghost_randoct
Temple:   nicolae_temple_hex_pool

Skill      XL: |  1  2  3  4  5  6  7  8  9 10 |
---------------+-------------------------------+-----
Axes           | 4 5 7 8 10 13 14 | 14.8
Dodging        | 4 5 6 |  6.7
Armour         | 1 3 4 6 7 |  7.9
Fighting       | 3 4 5 7 8 |  8.5
Stealth        | 1 |  1.8
Throwing       | |  2.0

Action                     |  1- 3 |  4- 6 |  7- 9 | 10-12 || total
---------------------------+-------+-------+-------+-------++-------
  Melee: War axe           |    59 |     1 |       |       ||    60
         Headbutt          |     8 |     8 |    24 |    10 ||    50
         Battleaxe         |       |    76 |   118 |    74 ||   268
    Use: Potion            |     1 |     1 |       |     2 ||     4
         Scroll            |       |     6 |     7 |     3 ||    16
 Armour: Leather armour    |    20 |    15 |       |       ||    35
         Ring mail         |       |    39 |    77 |     5 ||   121
         Plate armour      |       |       |       |    31 ||    31
         Swamp dragon scal |       |       |       |     4 ||     4
  Dodge: Dodged            |    56 |    64 |    96 |    48 ||   264

Table legend: (Time is in decaauts)
 A = Elapsed time spent in this place.
 B = Non-inter-level travel time spent in this place.
 C = Inter-level travel time spent in this place.
 D = Time resting spent in this place.
 E = Time spent auto-exploring this place.
 F = Levels seen in this place.
 G = Mean time per level.
                   A        B        C        D        E       F      G
               +--------+--------+--------+--------+--------+-----+--------+
         Total |   8710 |   7446 |   1264 |    242 |   5767 |  10 |  871.0 |
       Dungeon |   8473 |   7322 |   1151 |    242 |   5707 |   9 |  941.4 |
        Temple |    236 |    123 |    113 |      0 |     60 |   1 |  236.0 |
               +--------+--------+--------+--------+--------+-----+--------+

Top non-repeatable levels by time:
     D:2: 1827 daAuts
     D:8: 1274 daAuts
     D:7: 1078 daAuts
     D:3: 967 daAuts
     D:4: 811 daAuts
     D:1: 803 daAuts
     D:6: 761 daAuts
     D:5: 729 daAuts
  Temple: 236 daAuts
     D:9: 220 daAuts
